 Dungeon Crawl Stone Soup version 0.14-a0-987-gc8002fa (webtiles) character file.

5879 Ololoev the Thaumaturge (level 10, -5/50 HPs)
             Began as a Deep Elf Conjurer on Nov 21, 2013.
             Was a Follower of Vehumet.
             Shot with an arrow by a centaur warrior (10 damage)
             ... on Level 9 of the Dungeon on Nov 22, 2013.
             The game lasted 01:12:44 (8854 turns).

Ololoev the Thaumaturge (Deep Elf Conjurer)         Turns: 8854, Time: 01:12:44

HP  -5/50        AC  7     Str 12      XL: 10   Next: 48%
MP  20/32        EV 13     Int 24      God: Vehumet [*.....]
Gold 179         SH  9     Dex 15      Spells:  6 memorised, 12 levels left

Res.Fire  : . . .   See Invis. : .   M - staff of poison (curse)
Res.Cold  : . . .   Warding    : .   m - +1 robe {MR+}
Life Prot.: . . .   Conserve   : .   f - +1 elf buckler
Res.Poison: +       Res.Corr.  : .   s - +1 wizard hat {Int+3}
Res.Elec. : .       Clarity    : .   B - +1 cloak {darkness}
Sust.Abil.: . .     Spirit.Shd : .   l - +0 pair of gauntlets
Res.Mut.  : .       Stasis     : .   (no boots)
Res.Rott. : .       Flight     : .   (no amulet)
Saprovore : . . .                    a - +1 ring of evasion
                                     e - +4 ring of strength

@: very slightly contaminated, quite resistant to hostile enchantments, fairly
stealthy
A: no striking features
a: Renounce Religion, Evoke Invisibility


You were on level 9 of the Dungeon.
You worshipped Vehumet.
Vehumet was aware of your devotion.
You were not hungry.

You visited 2 branches of the dungeon, and saw 10 of its levels.

You collected 361 gold pieces.
You spent 182 gold pieces at shops.

Inventory:

Armour
 f - a +1 elven buckler (worn)
 l - a +0 pair of gauntlets (worn)
 m - a +1 robe of magic resistance (worn)
 s - a +1 wizard hat of intelligence (worn)
 B - a +1 cloak of darkness (worn)
Magical devices
 k - a wand of confusion (17)
 p - a wand of fireball (0)
Comestibles
 b - 3 bread rations
 d - 4 meat rations
 z - 6 apples
 E - 9 pears
 H - 2 oranges
 I - 2 bananas
Scrolls
 h - 8 scrolls of remove curse
 i - 3 scrolls of fog
 o - a scroll of curse weapon {unknown}
 r - a scroll of enchant armour
 u - 5 scrolls of teleportation
 x - a scroll of amnesia {unknown}
 C - a scroll of vulnerability {unknown}
 D - a scroll of summoning {unknown}
 G - a scroll of magic mapping
 J - a scroll of fear {unknown}
 K - a scroll of identify
Jewellery
 a - a +1 ring of evasion (right hand)
 e - a +4 ring of strength (left hand)
 w - an uncursed ring of regeneration
Potions
 g - a potion of restore abilities
 j - a potion of speed
 n - a potion of confusion {unknown}
 q - 8 potions of curing
 t - a potion of heal wounds
 v - a potion of brilliance {unknown}
 A - a potion of might {unknown}
Books
 c - a book of Conjurations

   Spells                             Type                      Level
   *Magic Dart                        Conjuration                  1
   *Searing Ray                       Conjuration                  2
   Dazzling Spray                     Conjuration/Hexes            3
   *Iskenderun's Mystic Blast         Conjuration                  4
   *Iskenderun's Battlesphere         Conjuration/Charms           4
   *Fulminant Prism                   Conjuration/Hexes            5
 F - a book of Power

   Spells                             Type                      Level
   *Iskenderun's Mystic Blast         Conjuration                  4
   *Venom Bolt                        Conjuration/Poison           5
   Bolt of Magma                      Conjuration/Fire/Earth       5
   *Fulminant Prism                   Conjuration/Hexes            5
   Iron Shot                          Conjuration/Earth            6
   Orb of Destruction                 Conjuration                  7
Magical staves
 M - a cursed staff of poison (weapon)


   Skills:
 - Level 2.4 Dodging
 - Level 2.4 Stealth
 - Level 1.2 Shields
 + Level 12.4 Spellcasting
 + Level 12.0 Conjurations
 - Level 9.1 Charms


You had 12 spell levels left.
You knew the following spells:

 Your Spells              Type           Power        Failure   Level  Hunger
a - Magic Dart            Conj           ####         1%          1    None
b - Searing Ray           Conj           ######       1%          2    None
c - Iskenderun's Mystic   Conj           ######..     1%          4    None
d - Iskenderun's Battles  Conj/Chrm      ######..     1%          4    None
e - Fulminant Prism       Conj/Hex       #####.....   12%         5    ##.....
f - Venom Bolt            Conj/Pois      ######....   12%         5    ##.....


Dungeon Overview and Level Annotations

Branches:
Dungeon (9/16)             Temple (1/1) D:7
    Orc: D:9-12        Lair: D:8-11

Altars:
Cheibriados
Elyvilon
Fedhas
Kikubaaqudgha
Makhleb
Nemelex Xobeh
Okawaru
Sif Muna
Trog
Vehumet
Yredelemnul
Zin
the Shining One

Shops:
D:5 =}%*   D:8 *+(


Message History

Confirm with . or Enter, or press ? or * to list all spells.
Aiming: Fulminant Prism
Press: ? - help, Dir - move target cursor You conjure a prism of explosive energy!
The centaur warrior shoots an arrow.
The arrow hits your fulminant prism.
The centaur warrior shoots an arrow.
The arrow hits you!
* * * LOW HITPOINT WARNING * * *
Your fulminant prism crackles loudly.
There is a stone staircase leading down, spattered with blood here.
You see here an arrow.
Drink which item? (? for menu, Esc to quit)
You feel much better.
The centaur warrior shoots an arrow.
The arrow hits your battlesphere.
Your battlesphere is destroyed!
Your fulminant prism explodes!
The blast of energy engulfs the centaur warrior.
The centaur warrior is severely wounded.
The centaur warrior shoots an arrow.
The arrow hits you!
* * * LOW HITPOINT WARNING * * *
The centaur warrior shoots an arrow.
The arrow hits you!
You die...

.#.. #...........c....#..........
#...##....................#....##
...##...........(........#....##
#..##.....................#.###
#......#.:...............####
##.....#.........(...#)..#
#...#...................##
##.###..........ยง....#.####
....#...........@...#...#.##
....##...........).##......#
.#................)#....#.##
###.#...#........)..#.#####
.....................##
........>.............#
%..................#.##
....#.............####
...>.............##.##


You could see a centaur warrior.

Vanquished Creatures
  Pikel (D:7)
  4 wandering mushrooms (D:8)
  Grinder (D:3)
  2 humans (D:6)
  A hill giant zombie (D:8)
  A hungry ghost (D:8)
  3 orc warriors
  An ice beast (D:6)
  2 yellow wasps
  A black bear (D:6)
  3 sky beasts
  3 phantoms
  2 centaurs
  Sigmund (D:7)
  A big kobold (D:6)
  A giant frog (D:7)
  Blork the orc (D:6)
  A gnoll sergeant (D:6)
  7 killer bees
  2 oklob saplings (D:8)
  8 crimson imps
  A goliath beetle (D:8)
  A giant frog zombie (D:8)
  A centaur skeleton (D:6)
  4 orc wizards
  3 orc priests
  Crazy Yiuf (D:5)
  2 hounds
  A jelly (D:8)
  2 scorpions (D:9)
  3 worker ants
  A killer bee zombie (D:9)
  Terence (D:3)
  A worker ant zombie (D:5)
  14 gnolls
  12 adders
  A giant mite (D:6)
  6 worms
  A giant centipede zombie (D:9)
  A scorpion zombie (D:9)
  An adder zombie (D:5)
  A giant eyeball (D:9)
  7 giant geckos
  22 orcs
  11 bats
  4 giant cockroaches
  12 goblins
  15 hobgoblins
  7 jackals
  3 quokkas
  2 ball pythons
  4 giant newts
  A giant spore (D:7)
  A goblin skeleton (D:4)
  17 kobolds
  A kobold zombie (D:6)
  A quokka skeleton (D:4)
  17 rats
  A rat skeleton (D:8)
  A ballistomycete (D:7)
233 creatures vanquished.

Vanquished Creatures (others)
  A giant frog (D:7)
  8 fulminant prisms
  A hound (D:7)
  A crimson imp (D:7)
  A bat (D:7)
12 creatures vanquished.

Grand Total: 245 creatures vanquished

Notes
Turn   | Place    | Note
--------------------------------------------------------------
     0 | D:1      | Ololoev, the Deep Elf Conjurer, began the quest for the Orb.
     0 | D:1      | Reached XP level 1. HP: 10/10 MP: 4/4
   709 | D:1      | Reached XP level 2. HP: 15/15 MP: 3/7
   713 | D:1      | Learned a level 2 spell: Searing Ray
  1199 | D:2      | Reached XP level 3. HP: 19/19 MP: 2/11
  2148 | D:3      | Reached skill level 5 in Spellcasting
  2182 | D:3      | Reached XP level 4. HP: 24/24 MP: 5/15
  2438 | D:3      | Reached skill level 5 in Conjurations
  2465 | D:3      | Found an iron altar of Okawaru.
  2465 | D:3      | Noticed Terence
  2498 | D:3      | Killed Terence
  2720 | D:3      | Reached XP level 5. HP: 28/28 MP: 13/18
  2896 | D:3      | Learned a level 4 spell: Iskenderun's Mystic Blast
  2984 | D:3      | Noticed a sky beast
  2994 | D:3      | Killed a sky beast
  2994 | D:3      | Reached skill level 6 in Conjurations
  2994 | D:3      | Reached XP level 6. HP: 32/32 MP: 11/20
  3000 | D:3      | Learned a level 4 spell: Iskenderun's Battlesphere
  3160 | D:3      | Noticed Grinder
  3166 | D:3      | Killed Grinder
  3166 | D:3      | Reached skill level 7 in Conjurations
  3255 | D:4      | Reached XP level 7. HP: 36/36 MP: 17/22
  3894 | D:4      | Found a bloodstained altar of Trog.
  4070 | D:5      | Entered Level 5 of the Dungeon
  4070 | D:5      | Found Huugut's Food Emporium.
  4139 | D:5      | Found Bofymeq's General Store.
  4154 | D:5      | Bought a potion of curing for 26 gold pieces
  4154 | D:5      | Bought a cursed -3 ring of protection for 26 gold pieces
  4154 | D:5      | Bought a scroll of teleportation for 39 gold pieces
  4154 | D:5      | Bought a potion of degeneration for 26 gold pieces
  4154 | D:5      | Bought a scroll of curse jewellery for 26 gold pieces
  4154 | D:5      | Bought a potion of heal wounds for 39 gold pieces
  4304 | D:5      | Found Qogufiun's Gadget Shoppe.
  4388 | D:5      | Found Reocesus' Jewellery Boutique.
  4465 | D:5      | Noticed Crazy Yiuf
  4479 | D:5      | Killed Crazy Yiuf
  4532 | D:5      | Reached skill level 5 in Charms
  4766 | D:6      | Reached skill level 8 in Conjurations
  4985 | D:6      | Reached XP level 8. HP: 41/41 MP: 18/25
  5482 | D:6      | Noticed Blork the orc
  5485 | D:6      | Killed Blork the orc
  5487 | D:6      | Noticed a human
  5492 | D:6      | Killed a human
  5497 | D:6      | Noticed a human
  5537 | D:6      | Killed a human
  5537 | D:6      | Reached skill level 9 in Conjurations
  5891 | D:6      | Reached XP level 9. HP: 39/45 MP: 6/28
  6322 | D:7      | Found a staircase to the Ecumenical Temple.
  6329 | Temple   | Entered the Ecumenical Temple
  6520 | Temple   | Became a worshipper of Vehumet
  6565 | D:7      | Noticed Sigmund
  6569 | D:7      | Killed Sigmund
  6587 | D:7      | Reached skill level 1 in Shields
  6779 | D:7      | Noticed Pikel
  6787 | D:7      | Killed Pikel
  6787 | D:7      | Reached skill level 10 in Spellcasting
  6787 | D:7      | Reached skill level 10 in Conjurations
  7288 | D:8      | Found Schuhede's Book Shop.
  7289 | D:8      | Found Ushuomih's Assorted Antiques.
  7561 | D:8      | Reached skill level 11 in Spellcasting
  7689 | D:8      | Reached XP level 10. HP: 50/50 MP: 23/31
  7710 | D:8      | Found a blossoming altar of Fedhas.
  7718 | D:8      | Learned a level 5 spell: Fulminant Prism
  7954 | D:8      | Acquired Vehumet's first power
  7954 | D:8      | Offered knowledge of Shock by Vehumet.
  7997 | D:8      | Reached skill level 12 in Spellcasting
  8173 | D:8      | Found Frow's Weapon Emporium.
  8553 | D:9      | Learned a level 5 spell: Venom Bolt
  8832 | D:9      | Noticed a centaur warrior
  8854 | D:9      | Shot with an arrow by a centaur warrior

Action                   |  1- 3 |  4- 6 |  7- 9 | 10-12 || total
-------------------------+-------+-------+-------+-------++-------
Melee: Unarmed           |     3 |       |     1 |       ||     4
       Staff             |       |       |       |     1 ||     1
 Cast: Magic Dart        |    57 |    30 |   120 |    55 ||   262
       Searing Ray       |     9 |    15 |    49 |    14 ||    87
       Iskenderun's Myst |       |     3 |    20 |     7 ||    30
       Iskenderun's Batt |       |       |    17 |     8 ||    25
       Fulminant Prism   |       |       |       |     8 ||     8
Evoke: Wand              |       |     8 |     2 |       ||    10
  Use: Scroll            |       |       |    13 |     2 ||    15
       Potion            |       |       |       |     3 ||     3
